Cogmind - Beta 10.2 @@@ ROGUE MODE // 2022.01.15 @ 15:53:17 Player: RobearGWJ Result: Destroyed by D-53 Grenadier with Mini Grenade Launcher Performance ------------- Evolutions (0) 0 Regions Visited (4) 800 Robots Destroyed (21) 105 Value Destroyed (442) 442 Prototype IDs (2) 40 Alien Tech Used (0) 0 Bonus (-28) -28 TOTAL SCORE: 1359 Bonus ------- Friendly Fire -28 Cogmind --------- Core Integrity 0/250 Matter 277/300 Energy 97/100 System Corruption 0% Temperature Cool (0) Movement Core (350) Ox6 Location -9/Mines Parts ------- > --- POWER (1) -------- (None) > --- PROPULSION (2) --- (None) > --- UTILITY (2) ------ Large Storage Unit > --- WEAPON (2) ------- Improved Light Cannon > --- INVENTORY (10) --- Ion Engine Advanced Treads Aluminum Leg Cooling System Large Storage Unit High-capacity Battery (400) Power Shielding Decoy Drone Bay Peak State ------------ > --- POWER ------------ Deuterium Engine > --- PROPULSION ------- Advanced Treads Aluminum Leg > --- UTILITY ---------- Cooling System Large Storage Unit > --- WEAPON ----------- Improved Light Cannon Improved Light Cannon > --- INVENTORY -------- Ion Engine Aluminum Leg Large Storage Unit High-capacity Battery High-capacity Battery Power Shielding Improved Light Cannon Improved Light Cannon [Rating: 15] Favorites ----------- Power Deuterium Engine Engine Deuterium Engine Propulsion Aluminum Leg Treads Advanced Treads Leg Aluminum Leg Utility Large Storage Unit Device Cooling System Storage Large Storage Unit Weapon Improved Light Cannon Energy Gun Beam Rifle Ballistic Gun Light Assault Rifle Ballistic Cannon Improved Light Cannon Launcher Mini Grenade Launcher Build | -11 -10 -10 -10 -9 ------- Run | Scr Mat Min Exi Min Slots Evolved . | . . . . . Power . | . . . . . Propulsion . | . . . . . Utility . | . . . . . Weapon . | . . . . . Parts Attached 22 | 7 8 4 . 3 Power 4 | 2 1 1 . . Engine 4 | 2 1 1 . . Core . | . . . . . Reactor . | . . . . . Propulsion 5 | 2 . 3 . . Treads 1 | . . 1 . . Leg 4 | 2 . 2 . . Wheel . | . . . . . Hover . | . . . . . Flight . | . . . . . Utility 5 | 2 2 . . 1 Device 3 | 1 1 . . 1 Storage 2 | 1 1 . . . Processor . | . . . . . Hackware . | . . . . . Protection . | . . . . . Artifact . | . . . . . Weapon 8 | 1 5 . . 2 Energy Gun 2 | 1 1 . . . Energy Cannon . | . . . . . Ballistic Gun 1 | . 1 . . . Ballistic Cannon 3 | . 2 . . 1 Launcher 2 | . 1 . . 1 Special Weapon . | . . . . . Impact Weapon . | . . . . . Slashing Weapon . | . . . . . Piercing Weapon . | . . . . . Special Melee Weapon . | . . . . . Unidentified Prototypes . | . . . . . Parts Lost 6 | . . . . 6 Power 1 | . . . . 1 Propulsion 2 | . . . . 2 Utility 1 | . . . . 1 Weapon 2 | . . . . 2 Highest Loss Streak 6 | . . . . 6 Average Slot Usage (%) 99 | . 99 100 100 98 Engine 14 | . 14 14 14 14 Leg 27 | . 28 27 28 27 Device 14 | . 14 14 14 14 Storage 14 | . 14 14 14 14 Energy Gun 1 | . 6 . . . Ballistic Cannon 21 | . 15 28 28 15 Launcher 3 | . 5 . . 12 Naked Turns . | . . . . . Heaviest Build 35 | 9 31 35 35 35 Greatest Support 20 | 20 20 20 20 20 Greatest Overweight (x) 6 | . 1 1 1 6 Average Overweight (x) . | . . 1 1 1 Largest Inventory Capacity 10 | 4 10 10 10 10 Average Capacity 9 | 4 7 10 10 10 Most Carried 10 | 4 9 10 10 10 Average Carried 7 | 2 5 8 9 9 Final Capacity 10 | 4 10 10 10 10 Final Carried 10 | 4 9 9 10 9 Class Distribution -------------------- 100% | Mutant Dominant Class ---------------- Mutant | -10/Materials Mutant | -10/Mines Mutant | -10/Exiles Mutant | -9/Mines Resources | -11 -10 -10 -10 -9 ----------- Run | Scr Mat Min Exi Min Matter Collected 758 | 294 158 192 . 114 Remotely . | . . . . . Salvage Created 393 | 52 196 102 . 43 Parts 33 | 6 15 8 . 4 Haulers Intercepted . | . . . . . Recyclers Shooed . | . . . . . Parts Field Recycled . | . . . . . Retrieved Matter . | . . . . . Parts Self-Destructed . | . . . . . Prevented . | . . . . . Kills | -11 -10 -10 -10 -9 ------- Run | Scr Mat Min Exi Min Combat Hostiles Destroyed 21 | 1 8 6 . 6 Guns 2 | 1 1 . . . Cannons 11 | . . 6 . 5 AOE 8 | . 7 . . 1 Classes Destroyed 5 | 2 2 . . 1 Worker 2 | 1 1 . . . Builder 1 | . 1 . . . Swarmer 9 | . 3 3 . 3 Grunt 9 | 1 5 3 . . Assembled 3 | . . . . 3 Best Kill Streak 3 | 1 3 3 . 3 Combat Bots Only 3 | 1 3 3 . 3 Max Kills in Single Turn 2 | 1 2 2 . 1 Gunslinging . | . . . . . Exploded 2 | . 2 . . 1 Melee . | . . . . . Uniques/NPCs Destroyed . | . . . . . Combat | -11 -10 -10 -10 -9 -------- Run | Scr Mat Min Exi Min Damage Taken 1020 | 44 129 76 . 771 Core 262 | 23 . 14 . 225 Absorbed by Shields . | . . . . . Core Remaining (%) 90 | 90 . . . . Volleys Fired 49 | 7 13 17 . 12 Largest 2 | 1 2 2 . 2 Hottest 86 | 50 86 78 . 78 Shots Fired 85 | 7 23 34 . 21 Gun 17 | 7 10 . . . Cannon 53 | . 6 34 . 13 Launcher 15 | . 7 . . 8 Special . | . . . . . Kinetic 53 | . 6 34 . 13 Thermal 17 | 7 10 . . . Explosive 15 | . 7 . . 8 Electromagnetic . | . . . . . Robot Hit Streak 17 | 5 6 17 . 6 Robot Miss Streak 4 | . 4 3 . 1 Penetration Max . | . . . . . Secondary Targets . | . . . . . Shots Hit Robots 49 | 5 13 20 . 11 Core Hits 37 | 3 15 8 . 11 Critical Hits . | . . . . . Critical Kills . | . . . . . Critical Parts Destroyed . | . . . . . Melee Attacks . | . . . . . Impact . | . . . . . Slashing . | . . . . . Piercing . | . . . . . Sneak Attacks . | . . . . . Combat Hostiles . | . . . . . Follow-up Attacks . | . . . . . Damage Inflicted 1379 | 61 485 410 . 423 Guns 163 | 61 102 . . . Cannons 641 | . 84 410 . 147 Explosions 575 | . 299 . . 276 Melee . | . . . . . Ramming . | . . . . . Kinetic 641 | . 84 410 . 147 Thermal 163 | 61 102 . . . Explosive 575 | . 299 . . 276 Electromagnetic . | . . . . . Impact . | . . . . . Slashing . | . . . . . Piercing . | . . . . . Highest Corruption . | . . . . . Average Corruption . | . . . . . Corruption Purged . | . . . . . Overload Shots . | . . . . . Overflow Damage 14 | . . . . 14 Projectiles . | . . . . . Explosions 14 | . . . . 14 Melee . | . . . . . Knockbacks 2 | . . . . 2 Impact . | . . . . . Kinetic 2 | . . . . 2 Secondary . | . . . . . Self-Inflicted Damage 42 | . . . . 42 Shots 2 | . . . . 2 Rammed . | . . . . . Targets Rammed . | . . . . . Kicked . | . . . . . Crushed . | . . . . . Highest Temperature 64 | 64 19 . . . Average Temperature 20 | 27 10 . . . Received Heat Transfer 93 | 24 69 . . . Siege Activations . | . . . . . Robots Corrupted . | . . . . . Combat Hostiles . | . . . . . Parts Fried . | . . . . . Impact Corruptions . | . . . . . Robots Melted . | . . . . . Combat Hostiles . | . . . . . Parts Melted . | . . . . . Heat Transferred 444 | 185 259 . . . Parts Sabotaged . | . . . . . Parts Stolen . | . . . . . Parts Stripped . | . . . . . Power Chain Reactions . | . . . . . Missiles Intercepted . | . . . . . Alert | -11 -10 -10 -10 -9 ------- Run | Scr Mat Min Exi Min Peak Influence 251 | 25 251 135 . 100 Initial 25 | . 16 25 . . Average 75 | 5 137 31 . 75 Maximum Alert Level 1 | . 1 . . . Low Security (%) 86 | 100 58 100 . 100 Level 1 13 | . 41 . . . Level 2 . | . . . . . Level 3 . | . . . . . Level 4 . | . . . . . Level 5 . | . . . . . High Security . | . . . . . Max Security . | . . . . . Squads Dispatched 5 | . 4 1 . . Investigation 3 | . 2 1 . . Extermination . | . . . . . Reinforcement 2 | . 2 . . . Assault . | . . . . . Garrison . | . . . . . Intercept . | . . . . . Construction Impeded . | . . . . . Haulers Reinforced . | . . . . . Stealth | -11 -10 -10 -10 -9 --------- Run | Scr Mat Min Exi Min Distress Signals 1 | . 1 . . . Communications Jammed . | . . . . . Distress Signals . | . . . . . Times Spotted 27 | 1 9 3 . 14 Peak Tracking Total 3 | 1 3 3 . 3 Tactical Retreats 3 | . . . . 3 Traps | -11 -10 -10 -10 -9 ------- Run | Scr Mat Min Exi Min Traps Triggered 1 | . 1 . . . Indirectly . | . . . . . Trap Hack Attempts . | . . . . . Triggered . | . . . . . Disarmed . | . . . . . Reprogrammed . | . . . . . Reused . | . . . . . Traps Extracted . | . . . . . Installed . | . . . . . Triggered . | . . . . . Exploded 1 | . . . . 1 Machines | -11 -10 -10 -10 -9 ---------- Run | Scr Mat Min Exi Min Machines Disabled . | . . . . . Max in Single Turn . | . . . . . Machines Sabotaged . | . . . . . Garrisons Compromised . | . . . . . Overloaded Fab Kills . | . . . . . Fab Network Shutdowns . | . . . . . Hacking | -11 -10 -10 -10 -9 --------- Run | Scr Mat Min Exi Min Machines Accessed 4 | . 1 1 1 1 Terminals 1 | . 1 . . . Fabricators . | . . . . . Repair Stations . | . . . . . Recycling Units . | . . . . . Scanalyzers . | . . . . . Garrison Access . | . . . . . Total Hacks 31 | . 6 1 23 1 Successful 30 | . 5 1 23 1 Failed 1 | . 1 . . . Catastrophic 1 | . 1 . . . Database Lockouts . | . . . . . Manual . | . . . . . Terminals 6 | . 6 . . . Fabricators . | . . . . . Repair Stations . | . . . . . Recycling Units . | . . . . . Scanalyzers . | . . . . . Garrison Access . | . . . . . Terminal Hacks 30 | . 5 1 23 1 Record 23 | . . . 23 . Prototype ID Bank 1 | . 1 . . . Open Door 2 | . . 1 . 1 Emergency Access Points 1 | . 1 . . . Locate Traps 1 | . 1 . . . Reinforcement Status 1 | . 1 . . . Zone Layout 1 | . 1 . . . Fabricator Hacks . | . . . . . Repair Station Hacks . | . . . . . Recycling Unit Hacks . | . . . . . Scanalyzer . | . . . . . Garrison Access Hacks . | . . . . . Unauthorized Hacks . | . . . . . Terminals . | . . . . . Fabricators . | . . . . . Repair Stations . | . . . . . Recycling Units . | . . . . . Scanalyzers . | . . . . . Garrison Access . | . . . . . Data Cores Recovered . | . . . . . Used . | . . . . . Hacking Detections 1 | . 1 . . . Full Trace Events . | . . . . . Feedback Events . | . . . . . Feedback Blocked . | . . . . . Robot Schematics Acquired . | . . . . . Robots Built . | . . . . . Matter . | . . . . . Time . | . . . . . Total Robot Build Rating . | . . . . . Part Schematics Acquired . | . . . . . Parts Built . | . . . . . Matter . | . . . . . Time . | . . . . . Total Part Build Rating . | . . . . . Parts Repaired . | . . . . . Time . | . . . . . Parts Recycled . | . . . . . Recycled Matter . | . . . . . Retrieved Matter . | . . . . . Retrieved Components . | . . . . . Parts Scanalyzed . | . . . . . Part Schematics Acquired . | . . . . . Parts Damaged . | . . . . . Bothacking | -11 -10 -10 -10 -9 ------------ Run | Scr Mat Min Exi Min Used RIF Installer . | . . . . . Robots Hacked . | . . . . . Non-combat . | . . . . . Combat . | . . . . . Robot Hacks Applied . | . . . . . Relay Couplers Released . | . . . . . Robots Rewired . | . . . . . Allies Hacked . | . . . . . Hacks Repelled . | . . . . . Allies | -11 -10 -10 -10 -9 -------- Run | Scr Mat Min Exi Min Total Allies . | . . . . . Largest Group . | . . . . . Highest-Rated Group . | . . . . . Highest-Rated Ally . | . . . . . Total Orders . | . . . . . Ally Attacks . | . . . . . Total Damage . | . . . . . Kills . | . . . . . Allies Corrupted . | . . . . . Allies Melted . | . . . . . Intel | -11 -10 -10 -10 -9 ------- Run | Scr Mat Min Exi Min Robot Analysis Total . | . . . . . Derelict Logs Recovered 1 | . . 1 . . Drone Launches . | . . . . . Drone Recoveries . | . . . . . Exploration | -11 -10 -10 -10 -9 ------------- Run | Scr Mat Min Exi Min Turns Passed 2166 | 127 587 645 423 384 Spaces Moved 1372 | 96 377 389 282 228 Core 28 | 27 . . . 1 Treads . | . . . . . Legs 1344 | 69 377 389 282 227 Wheels . | . . . . . Hover . | . . . . . Flight . | . . . . . Fastest Speed 50 | 50 120 150 150 150 Average Speed 143 | 100 138 150 150 150 Slowest Speed 350 | 120 150 150 150 350 Overloaded Moves . | . . . . . Propulsion Burnouts . | . . . . . Robots Hopped . | . . . . . Cave-ins Triggered 1 | . . . . 1 Exploration Rate (%) 49 | 6 59 70 57 54 Regions Visited 4 Branch Regions 3 Pre-discovered Areas 2 | . . 1 1 . Known Exits Taken . | . . . . . Unknown Exits Taken 4 | 1 1 1 1 . Scrap Searched 2 | . . 1 . 1 Spaces Dug . | . . . . . Terrain Destroyed 109 | . 41 1 . 67 Melee . | . . . . . Projectile 4 | . . 1 . 3 AOE 105 | . 41 . . 64 Terrain Rammed . | . . . . . Walls Destroyed . | . . . . . Machines Disabled . | . . . . . Actions | -11 -10 -10 -10 -9 --------- Run | Scr Mat Min Exi Min Total 1493 | 119 423 418 282 251 Wait . | . . . . . Move 1368 | 95 376 388 281 228 Hop . | . . . . . Pick Up 33 | 9 16 4 1 3 Fast Attach 2 | 1 . . . 1 Attach 9 | 5 2 1 . 1 Detach 1 | . . 1 . . Swap 11 | 1 6 3 . 1 Drop 20 | 1 10 4 . 5 Fire 49 | 7 13 17 . 12 Melee . | . . . . . Ram . | . . . . . Kick . | . . . . . Crush . | . . . . . Escape Stasis . | . . . . . Rewire . | . . . . . Trap . | . . . . . Miscellaneous . | . . . . . Route ------- -11/Scrapyard -10/Materials (discovered 3 exits: [*Mat x2] / *Min) -10/Mines (discovered 2 exits: [*Mat] / *Exi) -10/Exiles (discovered 2 exits: *Min x2) -9/Mines History --------- Turn | Location | Event 2 | -11/Scrapyard | Met Revision 17 94 | -11/Scrapyard | Discovered new exit (range 8) 128 | -11/Scrapyard | Entered Materials 307 | -10/Materials | Build established: Mutant 316 | -10/Materials | Discovered new exit (range 16) 648 | -10/Materials | Discovered new exit (range 12) 685 | -10/Materials | Discovered new exit (range 7) 715 | -10/Materials | Entered Mines 729 | -10/Mines | Met a Derelict bent on vengeance 847 | -10/Mines | Met a Derelict shopkeep closing up shop 929 | -10/Mines | Learned location of Storage (-8) 1044 | -10/Mines | Assisted by bots powering up and referring to "LRC-V3" 1162 | -10/Mines | Discovered new exit (range 16) 1350 | -10/Mines | Deemed a non-threat by the Exiles lab entrance 1351 | -10/Mines | Discovered new exit (range 5) 1360 | -10/Mines | Entered Exiles 1408 | -10/Exiles | Discovered new exit (range 14) 1463 | -10/Exiles | Met 8R-AWN 1514 | -10/Exiles | Met EX-HEX 1601 | -10/Exiles | Met EX-DEC 1654 | -10/Exiles | Learned location of Zion (-7) 1750 | -10/Exiles | Discovered new exit (range 15) 1783 | -10/Exiles | Entered Mines 1891 | -9/Mines | Found the Drone Emporium 1900 | -9/Mines | Found Prototype Device 2027 | -9/Mines | Assembled infested the area 2032 | -9/Mines | Assisted by a Guerilla fighting off Assembled 2162 | -9/Mines | Core integrity fell below 50% 2167 | -9/Mines | Crushed by falling debris 2167 | -9/Mines | Core integrity fell below 20% 2167 | -9/Mines | Destroyed by D-53 Grenadier with Mini Grenade Launcher Last Messages --------------- Acquired 49 matter. Acquired 22 matter. K-01 Serf collects debris. R-06 Scavenger collects Lgt. Treads. Aluminum Leg destroyed. The unstable cave ceiling collapses. D-53 Grenadier knocked back. Aluminum Leg destroyed. The unstable cave ceiling collapses. Imp. Light Cannon destroyed. K-01 Serf collects debris. Mni. Grenade Launcher destroyed. Cooling System destroyed. Deuterium Engine destroyed. The unstable cave ceiling collapses. K-01 Serf collects debris. The unstable cave ceiling collapses. Crushed by falling debris. [Achievement: Unlikely Earthworm] [Achievement: First Step to Greatness] Map ----- +----------------------------------------------------+ | ## #??????????????????????????????? | | ##?????????????????????????????? | | ##????????????????????????????? | | ###??????????????????????????? | | ##?????????????????????????? | | ##????????????????????????? | | #????????????????????????? | | ### #????????????????????????? | | # #####??????????????????????????????? | | ## #??????????????????????????????????? | | ?# #??????????????????????????????????? | | ## ###????????????????????????????????? | | # #???????????????????????? # ?????? | | # ##????????????#?????????? ?????? | | # #????????????# ????##??? ??????? | | ## ##????????????# #### ### % ??????? | | #?????????????? # # # """ #????? | | #?????????????? % k """ ##???? | | # ##??????????????? = """ ##??? | | #??????????????## r #= #??? | | # #?????????????## ?????? | | #####??????#### #????????? | | " #???#### ## #?????????? | | # ##### % #?????????? | | # # # # #?????????? | | # ] ## @ ##?????????? | | # ! d #?????????? | | # < ] ### #?????????? | | ##?# d #?????????? | | |# #? ????????? | | ## = ##### ???????? | | ?# #### !! # # ?????? | | ?#" #??# ######### # ### ###?????? | | ?### #??# #???????### #??###???????? | | ???####??# #?????????? ????????????? | | ????????? ##??????????""????????????? | | ????????# ###???????????""????????????? | | ????????###??????????????"?????????????? | | ???????????????????????????????????????? | | ???????????????????????????????????????? | | ???????????????????????????????????????? | | ???????????????????????????????????????? | | | | | | | | | | | | | | | | | +----------------------------------------------------+ Best States ------------- Heat Dissipation 47 Energy Generation 14 Energy Capacity 275 Matter Stores 350 Matter Capacity 350 Sight Range 16 Terrain Scan Density 10 Evasion (%) 50 Recoil Reduction 1 Item Schematics ----------------- None Robot Schematics ------------------ None Fabricated ------------ Nothing Alien Tech Used ----------------- None Achievements -------------- Crack Shot First Step to Greatness Librarian Tourist Uninvited Guest Unlikely Earthworm Challenges ------------ None Game ------ Seed LightRegenerativeClaw Manual? 0 Play Time 01:10:00 Cumulative 2.3 hours Start 2021.02.23 @ 17:34:40 End 2022.01.15 @ 15:53:17 Sessions 3 Manual Loads 0 Difficulty Rogue Special Mode None Game No. 3 Rogue 3 Adventurer 0 Explorer 0 Win Type - Total 0 Types 0/0/0/0/0/0/0/0/0 Lore% 4 Gallery% 2 Achievement% 3 Wizard Run 0 Options --------- ASCII 0 Keyboard 0 Movement Arrows Keybinds 0 Fullscreen 1 Font 24/Smallcaps Map View 76x50 Tactical HUD 0 Map Filters NONE Filters NONE Steam 1 RUN: 562c78b9-1b98-4421-9faf-d90a033b770a